 Dungeon Crawl Stone Soup version 0.17-a0-1741-gd5e8965 (webtiles) character file.

22849 George the Pandemonic (level 12, -4/93 HPs)
             Began as a Demonspawn Gladiator on Aug 31, 2015.
             Was a High Priest of Makhleb.
             Slain by Snorg (11 damage)
             ... on level 13 of the Dungeon.
             The game lasted 00:46:28 (14599 turns).

George the Pandemonic (Demonspawn Gladiator)       Turns: 14599, Time: 00:46:28

Health: -4/93      AC: 15    Str: 28    XL:     12   Next: 66%
Magic:  0/31       EV: 16    Int: 10    God:    Makhleb [*****.]
Gold:   857        SH:  0    Dex: 19    Spells: 0 memorised, 11 levels left

rFire  + . .     SeeInvis +     C - +1 long sword of Ebololag {freeze, *Confuse MP+9 Str+7 Dex+4}
rCold  + . .     Clarity  +     G - +2 scale mail {rC+}
rNeg   . . .     SustAt   .     (no shield)
rPois  .         Gourm    .     (helmet restricted)
rElec  .         Spirit   +     (no cloak)
rCorr  .         Warding  .     m - +0 pair of gloves
rMut   .         Stasis   .     x - +0 pair of boots
MR     .....                    l - amulet of faith
Stlth  ..........               V - ring "Raicigrepi" {Str+2 Stlth-}
                                A - ring of see invisible

@: studying Axes, not resistant to hostile enchantments, extremely unstealthy
A: horns 1, slimy green scales 2, clarity, fire resistance 1, magic shield,
flame cloud immunity
a: Minor Destruction, Lesser Servant of Makhleb, Major Destruction, Greater
Servant of Makhleb, Renounce Religion


You were on level 13 of the Dungeon.
You worshipped Makhleb.
Makhleb was extremely pleased with you.
You were not hungry.

You visited 2 branches of the dungeon, and saw 14 of its levels.

You collected 857 gold pieces.

Inventory:

Hand weapons
 r - a +3 vampiric falchion
 s - a +0 quick blade
 C - the +1 long sword of Ebololag (weapon) {freeze, *Confuse MP+9 Str+7 Dex+4}
   (You found it on level 10 of the Dungeon)

   It has been specially enchanted to freeze those struck by it, causing extra
   injury to most foes and up to half again as much damage against particularly
   susceptible opponents.
   It can also slow down cold-blooded creatures.
   It affects your strength (+7).
   It affects your dexterity (+4).
   It affects your magic capacity (+9).
   It may confuse you when you take damage.
 K - a +0 blowgun
Missiles
 d - 3 throwing nets
 f - 5 needles of confusion
 i - 57 poisoned needles
 p - 6 javelins
 H - 17 tomahawks (quivered)
 U - 3 curare-tipped needles
Armour
 m - a +0 pair of gloves (worn)
 x - a +0 pair of boots (worn)
 G - a +2 scale mail of cold resistance (worn)
Jewellery
 h - an uncursed amulet of rage
 l - an amulet of faith (around neck)
 A - a ring of see invisible (left hand)
 E - an uncursed amulet of resist mutation
 Q - an uncursed ring of sustain attributes
 V - the ring "Raicigrepi" (right hand) {Str+2 Stlth-}
   (You found it on level 8 of the Dungeon)

   [ring of loudness]

   It affects your strength (+2).
   It makes you less stealthy.
Magical devices
 q - a wand of magic darts (3)
 F - a wand of frost (28)
 L - a wand of confusion (48)
 P - a wand of slowing (9)
 X - a wand of polymorph (15)
Scrolls
 g - 3 scrolls of recharging
 v - a scroll of remove curse
 z - 7 scrolls of teleportation
 D - 2 scrolls of identify
 R - 5 scrolls of enchant weapon
 S - a scroll of fog
 Z - 2 scrolls of magic mapping
Potions
 o - a potion of beneficial mutation
 t - 3 potions of cancellation
 w - 3 potions of haste
 B - a potion of heal wounds
 N - a potion of flight
 O - 3 potions of agility
 T - 3 potions of magic
 W - 5 potions of curing
 Y - a potion of resistance
Books
 y - a manual of Axes
Miscellaneous
 M - a phial of floods
Comestibles
 k - 2 meat rations
 u - 7 bread rations
 I - 5 royal jellies
 J - 7 fruits


   Skills:
 + Level 8.2 Fighting
 + Level 11.3 Long Blades
 - Level 1.7 Throwing
 + Level 7.2 Armour
 + Level 8.1 Dodging
 + Level 14.0 Invocations


You had 11 spell levels left.
You didn't know any spells.

Dungeon Overview and Level Annotations

Branches:
Dungeon (13/15)            Temple (1/1) D:4            Lair (0/8) D:11
    Orc (0/4) D:11
 Vaults: D:13-14

Altars:
Ashenzari
Cheibriados
Dithmenos
Elyvilon
Fedhas
Gozag
Kikubaaqudgha
Makhleb
Nemelex Xobeh
Okawaru
Qazlal
Ru
Sif Muna
Trog
Vehumet
Xom
Yredelemnul
Zin
The Shining One

Shops:
D:11 (

Annotations:
D:7 exclusion: ice statue
D:13 Snorg


Innate Abilities, Weirdness & Mutations

You have a pair of small horns on your head.
You are mostly covered in slimy green scales (AC +3).
Your flesh is heat resistant.
When hurt, damage is shared between your health and your magic reserves.
You are immune to clouds of flame.
You possess an exceptional clarity of mind.


Message History

Drink which item? (? for menu, Esc to quit)
You feel much better. Snorg bites you!!
* * * LOW HITPOINT WARNING * * *
Snorg claws you!
* * * LOW HITPOINT WARNING * * *
Snorg closely misses you.
Drink which item? (? for menu, Esc to quit)
You feel much better. Snorg completely misses you. Snorg closely misses you.
Snorg misses you. Snorg bites you.
* * * LOW HITPOINT WARNING * * *
Snorg claws you.
* * * LOW HITPOINT WARNING * * *
Snorg completely misses you.
Use which ability? (? or * to list)
A demon appears!
You feel somewhat more hungry. Snorg closely misses you.
Snorg closely misses you. Snorg misses you. Snorg bites you.
* * * LOW HITPOINT WARNING * * *
Snorg closely misses you. Snorg claws you!
You die...

.....#+##...........
...#..#...........
##'#..#...........
#.(...#...<.......
#....##..#####....
#....#...# #....
#....'...# #....
+T...#...# #....
#@2..#...#####....
#.####............
#.#...............
#.#...........####
###...........#
..............#
..............#
.>.............#
.###..........<.


You could see Snorg (berserk) and a friendly balrug.

Vanquished Creatures
  The ghost of Ajdolov the Spear-Bearer, a powerful MfGl of Makhleb (D:12)
  A hydra (D:11)
  2 unseen horrors
  Pikel (D:9)
  An ugly thing (D:12)
  3 hill giants
  A cyclops (D:11)
  The ghost of Kidiri the Shield-Bearer, an experienced GrFi (D:6)
  A gargoyle (D:12)
  2 trolls
  The ghost of Uberwunderbarhen the Sneak, an average OpFi (D:4)
  2 slime creatures (D:12)
  A wraith (D:10)
  A basilisk (D:12)
  A shadow (D:12)
  3 deep elf magi
  26 yaks
  A wyvern (D:10)
  3 vampire mosquitoes (D:12)
  A hungry ghost (D:9)
  4 hippogriffs
  A water moccasin (D:6)
  5 orc warriors
  5 sky beasts
  An ice beast (D:5)
  A black bear (D:10)
  3 wasps
  3 phantoms
  3 centaurs
  2 crocodiles
  6 ogres
  2 gnoll sergeants
  5 giant frogs
  2 wyvern skeletons (D:9)
  3 scorpions
  A spriggan skeleton (D:9)
  9 wights (D:11)
  16 killer bees
  4 crimson imps
  A quasit (D:10)
  2 giant frog zombies (D:10)
  4 hounds
  8 centaur zombies
  6 jellies
  2 giant frog skeletons
  Ijyb (D:2)
  8 centaur skeletons
  12 orc wizards
  Terence (D:2)
  7 iguanas
  Natasha (thrice) (D:2)
  12 orc priests
  12 worker ants
  2 hound zombies
  Robin (D:1)
  14 gnolls
  9 adders
  3 shadow imps
  An ooze (D:1)
  3 adder skeletons
  2 worms
  7 giant geckos
  44 orcs
  6 giant cockroaches
  9 hobgoblins
  11 jackals
  6 quokkas
  8 bats
  A giant gecko zombie (D:6)
  4 giant newts
  17 goblins
  8 kobolds
  A quokka skeleton (D:4)
  A quokka zombie (D:10)
  10 rats
377 creatures vanquished.

Vanquished Creatures (collateral kills)
  A tengu reaver (D:10)
  A hill giant (D:10)
  A mottled dragon (D:10)
  A crimson imp (D:10)
4 creatures vanquished.

Vanquished Creatures (others)
  A slave (D:9)
  2 gnolls (D:9)
3 creatures vanquished.

Grand Total: 384 creatures vanquished

Notes
Turn   | Place    | Note
--------------------------------------------------------------
     0 | D:1      | George the Demonspawn Gladiator began the quest for the Orb.
     0 | D:1      | Reached XP level 1. HP: 16/16 MP: 1/1
   201 | D:1      | Reached skill level 3 in Long Blades
   369 | D:1      | Gained mutation: You are partially covered in slimy green scales (AC +2). [demonic ancestry]
   369 | D:1      | Reached XP level 2. HP: 13/22 MP: 2/2
   995 | D:1      | Reached XP level 3. HP: 27/27 MP: 3/3
  1127 | D:2      | Noticed Robin
  1174 | D:2      | Noticed Natasha
  1243 | D:1      | Reached skill level 4 in Long Blades
  1755 | D:1      | Killed Robin
  1947 | D:2      | Killed Natasha
  1947 | D:2      | Gained mutation: Your flesh is heat resistant. [demonic ancestry]
  1947 | D:2      | Reached XP level 4. HP: 30/33 MP: 4/4
  1950 | D:2      | Noticed Terence
  1966 | D:2      | Noticed Natasha
  1967 | D:2      | Killed Terence
  1970 | D:2      | Killed Natasha
  1970 | D:2      | Reached skill level 5 in Long Blades
  1996 | D:2      | Noticed Natasha
  2004 | D:2      | Killed Natasha
  2293 | D:2      | Found a glowing golden altar of the Shining One.
  2375 | D:2      | Found a burning altar of Makhleb.
  2379 | D:2      | Became a worshipper of Makhleb the Destroyer
  2385 | D:2      | Found a sparkling altar of Nemelex Xobeh.
  2390 | D:2      | Found a radiant altar of Vehumet.
  2397 | D:2      | Found a bloodstained altar of Trog.
  2402 | D:2      | Found a shattered altar of Ashenzari.
  2409 | D:2      | Found an iron altar of Okawaru.
  2414 | D:2      | Found an opulent altar of Gozag.
  2462 | D:2      | Noticed Ijyb
  2482 | D:2      | Killed Ijyb
  2482 | D:2      | Reached skill level 1 in Invocations
  2482 | D:2      | Gained mutation: You are immune to clouds of flame. [demonic ancestry]
  2482 | D:2      | Reached XP level 5. HP: 32/38 MP: 5/5
  3018 | D:3      | Acquired Makhleb's first power
  3485 | D:3      | Reached XP level 6. HP: 41/44 MP: 8/8
  3595 | D:4      | Reached skill level 6 in Long Blades
  3728 | D:4      | Found a staircase to the Ecumenical Temple.
  3737 | Temple   | Entered the Ecumenical Temple
  3861 | D:4      | Noticed Uberwunderbarhen's ghost (average OpFi)
  3896 | D:3      | Acquired Makhleb's second power
  4178 | D:4      | Killed Uberwunderbarhen's ghost
  4178 | D:4      | Reached skill level 5 in Invocations
  4178 | D:4      | Gained mutation: When hurt, damage is shared between your health and your magic reserves. [demonic ancestry]
  4178 | D:4      | Reached XP level 7. HP: 18/50 MP: 10/10
  5180 | D:4      | Reached skill level 7 in Long Blades
  5618 | D:5      | Entered Level 5 of the Dungeon
  5811 | D:5      | HP: 1/50 [giant gecko (3)]
  5841 | D:5      | Gained mutation: You are mostly covered in slimy green scales (AC +3). [demonic ancestry]
  5841 | D:5      | Reached XP level 8. HP: 56/56 MP: 3/13
  6093 | D:5      | Reached skill level 8 in Invocations
  6157 | D:5      | Acquired Makhleb's third power
  6544 | D:6      | Noticed Kidiri's ghost (experienced GrFi)
  6577 | D:6      | Killed Kidiri's ghost
  6577 | D:6      | Reached skill level 9 in Invocations
  6644 | D:6      | Reached XP level 9. HP: 50/61 MP: 9/16
  6945 | D:6      | Found an ancient bone altar of Kikubaaqudgha.
  6948 | D:6      | Found a shadowy altar of Dithmenos.
  6949 | D:6      | Found a stormy altar of Qazlal.
  6976 | D:6      | Found a white marble altar of Elyvilon.
  7102 | D:6      | Reached skill level 10 in Invocations
  7324 | D:6      | Reached skill level 1 in Armour
  7443 | D:6      | Acquired Makhleb's fourth power
  7451 | D:6      | Found a glowing silver altar of Zin.
  7451 | D:6      | Noticed an angel
  7791 | D:7      | Noticed an ice statue
  8373 | D:8      | Got a fine lead ring
  8375 | D:8      | Identified the ring "Raicigrepi" {Str+2 Stlth-} (You found it on level 8 of the Dungeon)
  8823 | D:8      | Gained mutation: You possess an exceptional clarity of mind. [potion of beneficial mutation]
  9380 | D:9      | Reached skill level 11 in Invocations
  9380 | D:9      | Reached XP level 10. HP: 71/71 MP: 12/18
  9392 | D:9      | Acquired Makhleb's fifth power
 10014 | D:9      | Reached skill level 5 in Fighting
 10021 | D:9      | Reached skill level 5 in Dodging
 10347 | D:9      | Noticed Pikel
 10368 | D:9      | Killed Pikel
 10431 | D:9      | Reached skill level 10 in Long Blades
 10431 | D:9      | Reached skill level 12 in Invocations
 10725 | D:10     | Entered Level 10 of the Dungeon
 10889 | D:10     | Gained mutation: You have a pair of small horns on your head. [demonic ancestry]
 10889 | D:10     | Reached XP level 11. HP: 75/81 MP: 17/20
 11112 | D:10     | Reached skill level 5 in Armour
 11271 | D:10     | Noticed a hill giant
 11288 | D:10     | Killed a hill giant
 11510 | D:10     | Got a faintly glowing long sword
 11609 | D:10     | Noticed an unseen horror
 11629 | D:10     | Killed an unseen horror
 11654 | D:10     | Noticed a tengu reaver
 11664 | D:10     | Killed a tengu reaver
 11664 | D:10     | Reached skill level 13 in Invocations
 11711 | D:10     | Noticed a hill giant
 11716 | D:10     | Killed a hill giant
 11736 | D:10     | Identified the cursed +1 long sword of Ebololag {freeze, *Confuse MP+9 Str+7 Dex+4} (You found it on level 10 of the Dungeon)
 11836 | D:10     | Noticed a hill giant
 11840 | D:10     | Killed a hill giant
 12045 | D:11     | Found a staircase to the Lair.
 12046 | D:11     | Noticed a six-headed hydra
 12069 | D:11     | Killed a six-headed hydra
 12429 | D:11     | Found a staircase to the Orcish Mines.
 12431 | D:11     | Found Peti's Weapon Emporium.
 12483 | D:11     | Reached XP level 12. HP: 76/91 MP: 22/22
 12665 | D:11     | Noticed a hill giant
 12676 | D:11     | Killed a hill giant
 12837 | D:11     | Noticed an unseen horror
 12852 | D:11     | Killed an unseen horror
 13853 | D:12     | Noticed Ajdolov's ghost (powerful MfGl)
 13878 | D:12     | Killed Ajdolov's ghost
 14312 | D:12     | Found a sacrificial altar of Ru.
 14417 | D:12     | Reached skill level 14 in Invocations
 14576 | D:13     | Noticed Snorg
 14599 | D:13     | Slain by Snorg

Vault maps used:
D:1:      tarquinn_simple_flora_water_f
D:2:      grunt_temple_overflow_octagram, lemuel_crystal_altar, uniq_robin,
          uniq_iyjb, uniq_terence, uniq_natasha
D:3:      kennysheep_generic_room_14
D:4:      minmay_temple_entry_junction
D:5:      first_bread, lightli_minifort
D:6:      zin_angel, nicolae_overflow_quartered_altars
D:7:      lemuel_ice_statue, due_unseen_surprise
D:9:      hangedman_tell_no_tales, uniq_pikel
D:10:     serial_bayou_pond_b, minmay_evil_grid
D:11:     lair_0_dummy, orc_david_3
D:12:     nicolae_ru_awakened_eye
D:13:     grunt_vaults_entry_tiered, uniq_snorg
Temple:   circular_temple_6

Action                   |  1- 3 |  4- 6 |  7- 9 | 10-12 || total
-------------------------+-------+-------+-------+-------++-------
Melee: Long sword        |   135 |     9 |       |   344 ||   488
       Falchion          |       |   228 |   707 |   778 ||  1713
       Quick blade       |       |       |       |    11 ||    11
Throw: Tomahawk          |       |       |     2 |    18 ||    20
       Throwing net      |       |       |     1 |     1 ||     2
Invok: Greater Servant o |       |       |       |     3 ||     3
       Minor Destruction |       |       |       |     1 ||     1
 Abil: Evoke Berserk Rag |       |       |     3 |     6 ||     9
Evoke: Wand              |       |     5 |       |     1 ||     6
  Use: Scroll            |       |       |    18 |     4 ||    22
       Potion            |       |       |     3 |     2 ||     5
 Stab: Sleeping          |     1 |       |       |       ||     1
       Held in net/web   |       |       |     2 |       ||     2
  Eat: Chunk             |     3 |     6 |    16 |    24 ||    49
       Bread ration      |       |     1 |     1 |     1 ||     3
